 Dungeon Crawl Stone Soup version 0.30.1-11-g7821555f0a (webtiles) character file.

Game seed: 17026201614562241427

8049 hawla the Conjurer (level 11, -4/85 HPs)
             Began as a Green Draconian Conjurer on Jan 8, 2024.
             Was a Follower of Vehumet.
             Slain by an ice devil (10 damage)
             ... in an ice cave.
             The game lasted 00:33:41 (9232 turns).

hawla the Conjurer (Green Draconian Conjurer)       Turns: 9232, Time: 00:33:43

Health: -4/85      AC: 10    Str: 13    XL:     11   Next: 4%
Magic:  21/30      EV: 13    Int: 33    God:    Vehumet [*.....]
Gold:   830        SH:  0    Dex: 12    Spells: 2/21 levels left

rFire   . . .        j - +1 spear (venom)
rCold   + . .        (no shield)
rNeg    . . .        (body armour unavailable)
rPois   +            (helmet restricted)
rElec   .            i - +1 cloak
rCorr   .            h - +0 pair of gloves "Ipyxam" {rPois rC+ Int+6}
SInv    .            (no boots)
Will    .....        v - amulet of magic regeneration
Stlth   +            l - ring of magical power
HPRegen 0.34/turn    u - +6 ring of intelligence
MPRegen 0.62/turn

%: no passive effects
@: confused, ambrosia-drunk, invisible
A: breathe noxious fumes, AC +7, unfitting armour, poison resistance,
cold-blooded, agile 1, high MP 1, strong 1
a: Breathe Noxious Fumes, Renounce Religion


You were in an ice cave.
You worshipped Vehumet.
Vehumet was aware of your devotion.
You visited 3 branches of the dungeon, and saw 12 of its levels.
You also visited: Ossuary and Ice Cave.

You collected 830 gold pieces.

Inventory:

Hand Weapons
 j - a +1 spear of venom (weapon)
 o - a +2 quarterstaff of flaming
 q - a +1 scimitar of flaming
Armour
 h - the +0 pair of gloves "Ipyxam" (worn) {rPois rC+ Int+6}
   (You acquired it on level 7 of the Dungeon)

   Int:       It affects your intelligence (+6).
   rC:        It protects you from cold.
   rPois:     It protects you from poison.
 i - a +1 cloak (worn)
Magical Staves
 k - a staff of fire
 y - a staff of conjuration
Jewellery
 l - a ring of magical power (left hand)
 u - a +6 ring of intelligence (right hand)
 v - an amulet of magic regeneration (around neck)
 E - a +6 ring of strength
Wands
 e - a wand of charming (21)
 m - a wand of flame (21)
 t - a wand of iceblast (15) (quivered)
Scrolls
 b - 5 scrolls of teleportation
 p - 3 scrolls of identify
 r - a scroll of silence
 w - 2 scrolls of summoning
 x - a scroll of enchant armour
 G - a scroll of fear
Potions
 c - 4 potions of flight
 d - a potion of brilliance {unknown}
 f - a potion of lignification {unknown}
 n - 3 potions of ambrosia
 s - 3 potions of curing
 z - 3 potions of berserk rage
 A - 3 potions of might {unknown}
 B - 4 potions of cancellation {unknown}
 C - a potion of invisibility
 D - 2 potions of haste
 F - a potion of attraction


   Skills:
 + Level 4.6 Fighting
 + Level 3.4 Long Blades
 + Level 6.8(7.3) Polearms
 + Level 3.5(5.6) Staves
 + Level 5.1 Dodging
 - Level 3.9 Stealth
 + Level 5.7 Spellcasting
 + Level 7.2 Conjurations
 + Level 6.6 Necromancy
 + Level 4.0 Translocations
 + Level 3.0 Fire Magic
 + Level 3.0 Evocations


You had 2 spell levels left.
You knew the following spells:

 Your Spells              Type           Power      Damage    Failure   Level
a - Magic Dart            Conj           100%       1d8       1%          1
b - Searing Ray           Conj           100%       2d8       1%          2
c - Iskenderun's Mystic   Conj/Tloc      46%        2d10      4%          4
d - Dispel Undead         Necr           52%        3d19      2%          4
e - Iskenderun's Battles  Conj           55%        2d11      6%          5
f - Apportation           Tloc           72%        N/A       1%          1
g - Blink                 Tloc           72%        N/A       1%          2

Your spell library contained the following spells:

 Spells                   Type           Power      Damage    Failure   Level
 Kiss of Death            Conj/Necr      100%       2d13      1%          1
 Necrotise                Necr           100%       1d9       1%          1
 Cigotuvi's Dreadful Rot  Necr/Pois/Air  48%        N/A       2%          2
 Summon Small Mammal      Summ           36%        N/A       4%          1
 Dazzling Flash           Conj/Hex       66%        N/A       3%          3
 Volatile Blastmotes      Fire/Tloc      64%        2d15      3%          3
 Portal Projectile        Hex/Tloc       44%        N/A       6%          3
 Agony                    Necr           52%        N/A       8%          5
 Manifold Assault         Tloc           36%        N/A       9%          4
 Fulminant Prism          Conj/Hex       16%        3d10      10%         4
 Call Canine Familiar     Summ           9%         N/A       13%         3
 Leda's Liquefaction      Hex/Erth       4%         N/A       41%         4
 Death Channel            Necr           26%        N/A       41%         6
 Starburst                Conj/Fire      21%        6d7       63%         6
 Lee's Rapid Deconstruct  Erth           4%         3d5*      77%         5
 Silence                  Hex/Air        4%         N/A       77%         5
 Iron Shot                Conj/Erth      16%        9d4       83%         6
 Statue Form              Tmut/Erth      6%         N/A       100%        6
 Spellforged Servitor     Conj/Summ      16%        N/A       100%        7
 Storm Form               Tmut/Air       4%         N/A       100%        7


Dungeon Overview and Level Annotations

Branches:
Dungeon (9/15)             Temple (1/1) D:7             Orc (2/2) D:9
    Elf (0/3) Orc:2       Ossuary (visited)           IceCv (1/1)
   Lair: D:8-11

Altars:
Ashenzari
Cheibriados
Dithmenos
Elyvilon
Fedhas
Gozag
Hepliaklqana
Kikubaaqudgha
Makhleb
Nemelex Xobeh
Okawaru
Qazlal
Ru
Sif Muna
Trog
Uskayaw
Vehumet
Wu Jian
Xom
Yredelemnul
Zin
The Shining One

Annotations:
IceCv exclusion: 2 ice statues


Innate Abilities, Weirdness & Mutations

You can breathe blasts of noxious fumes.
Your lurid green scales are hard. (AC +7)
You cannot fit into any form of body armour.
Your system is resistant to poisons. (rPois)
You are cold-blooded and may be slowed by cold attacks.
You are agile. (Dex +4, Str/Int -1)
You have an increased reservoir of magic. (+10% MP)
Your muscles are strong. (Str +4, Int/Dex -1)


Message History

Aim: an ice devil (83% to hit)
The searing ray hits the ice devil but does no damage. (Press . to maintain the ray.)
Your surroundings suddenly seem different. 2 ice devils come into view.
You feel stable enough to blink again.
Saving game... please wait.
Level annotation: exclusion: 2 ice statues Welcome back, hawla the Green Draconian Conjurer.
Vehumet says: Let it end in hellfire!
Press ? for a list of commands and other information.
You feel much better.
You fade into invisibility!
The ice devil hits you. The ice devil freezes you! You resist.
A reaper comes into view.
It is wielding a +0 scythe of freezing and wearing a +1 robe of cold resistance.
A two-headed ogre simulacrum and a troll simulacrum come into view.
An ice devil comes into view.
A three-headed hydra simulacrum and a death yak simulacrum come into view.
Really walk into that cloud of freezing vapour?
Okay, then. 2 ice devils come into view.
Okay, then.
Okay, then.
As you read the scroll of summoning, it crumbles to dust.
Wisps of shadow whirl around you...
The reaper smiles without lips.
The reaper hits you from afar with a +0 scythe of freezing!!
* * * LOW HITPOINT WARNING * * *
The reaper freezes you.
* * * LOW HITPOINT WARNING * * *
The ice devil barely misses you.
Your white imp hits the ice devil but does no damage.
Your cane toad simulacrum hits the ice devil!!
Your cane toad simulacrum freezes the ice devil.
The ice devil completely resists.
You are confused.
You feel invigorated. The ice devil hits you.
* * * LOW HITPOINT WARNING * * *
The ice devil freezes you! You resist.
You die...

..######.. ###.
..☼○.☼.°.## ## ###
4°§§..4..### ###§§
.....##....### ##○§§§
####..##.....# ##○○§4§
#........#..... #Z§§☼Z4
##......###....#
.☼°.§§Z##..4...##......#
#Z§○○☼4@.2..#.........##
##§..Z5###..#..###...##
###..# ....#.... ## ###
...ZZ#......
###......##.## ###.....
## ###2## ...


You could see a reaper, 4 ice devils, a three-headed hydra simulacrum
(wandering, unable to see you), a death yak simulacrum (wandering, unable to see
you), a friendly white imp (summoned), a friendly cane toad simulacrum
(summoned), a friendly spriggan simulacrum (summoned) and a friendly naga
simulacrum (summoned).

Vanquished Creatures
  An orc high priest (Orc:1)
  Pikel (D:6)
  Maurice (D:8)
  Maggie (D:8)
  2 ice devils (Orc:2)
  A troll (D:8)
  Grinder (D:4)
  Eustachio (D:4)
  2 steam dragons
  Edmund (D:6)
  2 wargs (Orc:1)
  An acid dragon (D:9)
  Duvessa (D:7)
  2 ice beasts
  A water moccasin (D:7)
  2 black bears (D:6)
  9 orc warriors
  4 ogres
  2 lemures (D:6)
  A kobold brigand (D:8)
  4 phantoms
  Blork the orc (D:6)
  2 bullfrogs
  An elf zombie (Ossuary)
  A cane toad simulacrum (IceCv)
  5 scorpions
  Dowan (D:7)
  13 wights (D:8)
  4 killer bees (D:9)
  A howler monkey (D:9)
  3 hounds
  3 jellies
  3 orc priests
  Crazy Yiuf (D:2)
  Jessica (D:2)
  2 sleepcaps
  An iguana (D:7)
  8 orc wizards
  A troll simulacrum (IceCv)
  2 hound zombies (Ossuary)
  4 mummies (Ossuary)
  7 gnolls
  8 adders
  A shadow imp (D:6)
  A white imp (IceCv)
  2 ufetubi
  A worm zombie (D:4)
  4 worms
  2 dart slugs (D:1)
  51 orcs
  8 endoplasms
  3 giant cockroaches
  4 goblins
  6 hobgoblins
  5 jackals (D:3)
  2 quokkas (D:1)
  10 ball pythons
  3 bats
  5 frilled lizards
  A gnoll zombie (Ossuary)
  A goblin zombie (Ossuary)
  2 hobgoblin zombies (Ossuary)
  A jackal zombie (Ossuary)
  11 kobolds
  3 orc zombies
  2 rats
  2 rat zombies (Ossuary)
245 creatures vanquished.

Vanquished Creatures (others)
  A wizard (D:4)
1 creature vanquished.

Grand Total: 246 creatures vanquished

Notes
Turn   | Place    | Note
-------+----------+-------------------------------------------
     0 | D:1      | hawla the Draconian Conjurer began the quest for the Orb.
     0 | D:1      | Reached XP level 1. HP: 14/14 MP: 3/3
   321 | D:1      | Reached XP level 2. HP: 20/20 MP: 0/5
   380 | D:1      | Found a faded altar of an unknown god.
   806 | D:1      | Learned a level 2 spell: Searing Ray
   861 | D:1      | Reached XP level 3. HP: 13/27 MP: 1/6
  1140 | D:2      | Noticed Jessica
  1141 | D:2      | Killed Jessica
  1142 | D:2      | Reached XP level 4. HP: 34/34 MP: 4/8
  1372 | D:2      | Reached skill level 5 in Conjurations
  1594 | D:2      | Found a runed translucent door.
  1595 | D:2      | Noticed Crazy Yiuf
  1602 | D:2      | Killed Crazy Yiuf
  1603 | D:2      | Reached skill level 1 in Fighting
  1739 | D:3      | Reached XP level 5. HP: 26/40 MP: 9/9
  1746 | D:3      | Learned a level 4 spell: Iskenderun's Mystic Blast
  1887 | D:3      | Reached skill level 1 in Translocations
  2102 | D:3      | Found an ornate altar of the Wu Jian Council.
  2391 | D:4      | Found a sand-covered staircase.
  2463 | D:4      | Identified the +7 short sword "Vefanneo" {heavy, Str+4}
  2474 | D:4      | Reached skill level 1 in Evocations
  2597 | Ossuary  | Entered an ossuary
  2612 | Ossuary  | Reached XP level 6. HP: 43/47 MP: 10/10
  2632 | Ossuary  | Reached skill level 1 in Polearms
  2892 | D:4      | Found a sacrificial altar of Ru.
  2892 | D:4      | Found a blossoming altar of Fedhas.
  2911 | D:4      | Reached skill level 1 in Staves
  2919 | D:4      | Your scales start taking on a lurid green colour.
  2919 | D:4      | Reached XP level 7. HP: 27/52 MP: 11/11
  2919 | D:4      | Gained mutation: Your system is resistant to poisons.
                  | (rPois) [Green Draconian growth]
  2923 | D:4      | Noticed Grinder
  2926 | D:4      | Paralysed by Grinder for 4 turns
  2939 | D:4      | Killed Grinder
  3138 | D:4      | Noticed Eustachio
  3152 | D:4      | Killed Eustachio
  3234 | D:4      | Reached XP level 8. HP: 60/60 MP: 12/12
  3444 | D:4      | Found a bloodstained altar of Trog.
  3445 | D:4      | Noticed a wizard
  3451 | D:4      | Killed a wizard
  3804 | D:5      | Entered Level 5 of the Dungeon
  4267 | D:5      | Reached skill level 5 in Polearms
  4354 | D:5      | Reached skill level 6 in Conjurations
  4476 | D:6      | Noticed Blork the orc
  4488 | D:6      | Killed Blork the orc
  4564 | D:6      | Reached XP level 9. HP: 69/69 MP: 14/14
  4569 | D:6      | Learned a level 4 spell: Dispel Undead
  4604 | D:6      | Reached skill level 1 in Necromancy
  5014 | D:6      | Noticed Edmund
  5039 | D:6      | Killed Edmund
  5399 | D:6      | Noticed Pikel
  5408 | D:6      | Killed Pikel
  5570 | D:7      | Found a staircase to the Ecumenical Temple.
  5598 | Temple   | Entered the Ecumenical Temple
  5736 | D:7      | Gained mutation: You have an increased reservoir of magic.
                  | (+10% MP) [potion of mutation]
  5736 | D:7      | Gained mutation: Your muscles are strong. (Str +4, Int/Dex
                  | -1) [potion of mutation]
  5736 | D:7      | Gained mutation: You are agile. (Dex +4, Str/Int -1)
                  | [potion of mutation]
  5932 | D:7      | Noticed Dowan
  5933 | D:7      | Noticed Duvessa
  5949 | D:7      | Killed Dowan
  5964 | D:7      | Killed Duvessa
  6153 | D:7      | Identified a scroll of acquirement
  6153 | D:7      | Acquired the +0 pair of gloves "Ipyxam" {rPois rC+ Int+6}
  6365 | D:7      | Reached skill level 1 in Fire Magic
  6535 | D:8      | Noticed Maurice
  6541 | D:8      | Killed Maurice
  6542 | D:8      | Reached XP level 10. HP: 77/77 MP: 17/17
  6543 | D:8      | Noticed Maggie
  6555 | D:8      | Killed Maggie
  6931 | D:8      | Found a radiant altar of Vehumet.
  7236 | D:8      | Learned a level 5 spell: Iskenderun's Battlesphere
  7664 | D:9      | Reached skill level 5 in Spellcasting
  7743 | D:9      | Found a staircase to the Orcish Mines.
  7768 | D:9      | Found a shimmering altar of Xom.
  7804 | D:9      | Reached skill level 1 in Long Blades
  8508 | D:8      | Found a basalt altar of Yredelemnul.
  8513 | D:8      | Found an opulent altar of Gozag.
  8522 | D:8      | Became a worshipper of Vehumet
  8587 | D:9      | Learned a level 1 spell: Apportation
  8590 | D:9      | Learned a level 2 spell: Blink
  8601 | Orc:1    | Entered Level 1 of the Orcish Mines
  8601 | Orc:1    | Noticed an orc high priest
  8607 | Orc:1    | Killed an orc high priest
  8782 | Orc:2    | Entered Level 2 of the Orcish Mines
  8828 | Orc:2    | Found a staircase to the Elven Halls.
  8840 | Orc:2    | Reached skill level 5 in Dodging
  8840 | Orc:2    | Reached skill level 7 in Conjurations
  8860 | Orc:2    | Reached * piety under Vehumet
  8860 | Orc:2    | Offered knowledge of Kiss of Death by Vehumet.
  8995 | Orc:2    | Found a frozen archway.
  9012 | Orc:2    | Reached XP level 11. HP: 38/85 MP: 15/21
  9181 | IceCv    | Entered an ice cave
  9218 | IceCv    | Noticed a reaper
  9232 | IceCv    | Slain by an ice devil

Illustrated notes

Levels and vault maps discovered:
D:1:      lightli_arrival_maybe_door_vault, layout_rooms,
          hellmonk_ecumenical_altar_blasted
D:2:      layout_rooms, minmay_pentomino_t4, uniq_jessica,
          uniq_crazy_yiuf_cottage
D:3:      layout_rooms, mainiacjoe_overflow_alcove_2, kennysheep_generic_room_15
D:4:      layout_loops_ring, trog_wizard, gammafunk_temple_overflow_elements,
          enter_ossuary_3, chequers_serial_rivers_large_a,
          chequers_decorated_corner, corner_web_ring,
          minmay_fractal_squares_gapless_5, uniq_grinder, uniq_eustachio
D:5:      layout_rooms
D:6:      layout_cave_pods, uniq_blork_the_orc, uniq_pikel, uniq_edmund
D:7:      layout_basic, minmay_temple_entry_arrows, minmay_hedge_maze,
          uniq_duvessa
D:8:      layout_loops_cross, nicolae_overflow_hidden_temple,
          kennysheep_generic_room_14, uniq_maggie, uniq_maurice
D:9:      minmay_klotski, layout_gridville, amcnicky_altar_gilded, orc_0_dummy
Temple:   compressed_dpeg_circular_temple
Orc:1:    layout_caves, serial_shops, shop
Orc:2:    st_orc_congregation, layout_diamond_mine,
          portal_ice_cave_demonic_guard, mines2_david
IceCv:    ice_cave_small_demon

Skill      XL: |  1  2  3  4  5  6  7  8  9 10 |
---------------+-------------------------------+-----
Stealth        | 2 3 |  3.9
Dodging        | 2 3 4 5 |  5.1
Conjurations   | 5 6 7 |  7.2
Fighting       | 1 3 4 |  4.6
Translocations | 2 3 4 |  4.0
Evocations     | 1 2 3 |  3.0
Polearms       | 2 3 5 6 |  6.8
Staves         | 1 3 |  3.5
Spellcasting   | 3 4 5 |  5.7
Necromancy     | 6 |  6.6
Fire Magic     | 3 |  3.0
Long Blades    | 3 |  3.4

Action                     |  1- 3 |  4- 6 |  7- 9 | 10-12 || total
---------------------------+-------+-------+-------+-------++-------
  Melee: Unarmed           |    24 |       |       |       ||    24
         Tailslap          |     5 |    14 |    35 |     7 ||    61
         Punch             |     1 |     2 |     4 |     1 ||     8
         Spear             |       |   110 |   243 |    51 ||   404
         Quarterstaff      |       |    18 |       |       ||    18
         Staff             |       |       |     2 |     9 ||    11
         Scimitar          |       |       |       |    38 ||    38
   Cast: Magic Dart        |    36 |     8 |     4 |    36 ||    84
         Searing Ray       |     5 |    16 |    32 |    20 ||    73
         Iskenderun's Myst |       |     7 |    19 |    25 ||    51
         Dispel Undead     |       |       |     3 |     8 ||    11
         Iskenderun's Batt |       |       |       |    13 ||    13
         Blink             |       |       |       |     1 ||     1
Ability: Breathe Noxious F |       |       |     1 |       ||     1
  Evoke: Wand              |       |       |     1 |       ||     1
    Use: Potion            |     4 |       |     1 |     7 ||    12
         Scroll            |       |       |    19 |     4 ||    23
   Stab: Sleeping          |       |     5 |     5 |     3 ||    13
         Distracted        |       |       |     1 |     2 ||     3
 Armour: Skin              |    17 |    44 |    89 |    39 ||   189
  Dodge: Dodged            |    30 |    87 |   121 |    94 ||   332
